 Dungeon Crawl Stone Soup version 0.15.1-3-g1b33baa (webtiles) character file.

331 Kex the Skirmisher (level 6, 0/48 HPs)
             Began as a Formicid Abyssal Knight on Oct 12, 2014.
             Was a Priest of Lugonu.
             Slain by an ogre
             ... wielding a +0 giant club
              (24 damage)
             ... on Level 4 of the Dungeon.
             The game lasted 00:20:11 (4724 turns).

Kex the Skirmisher (Formicid Abyssal Knight)        Turns: 4724, Time: 00:20:11

HP   0/48        AC 11     Str 16      XL: 6   Next: 81%
MP  10/10        EV  4     Int 12      God: Lugonu [***...]
Gold 141         SH  0     Dex 12      Spells:  0 memorised,  5 levels left

rFire  . . .     SeeInvis +     e - +3 mace
rCold  . . .     Clarity  .     u - +0 plate armour
rNeg   . . .     rCorr    .     (no shield)
rPois  .         rRot     .     (helmet unavailable)
rElec  .         Spirit   .     (no cloak)
SustAb .         Warding  .     (no gloves)
rMut   .         Stasis   +     (no boots)
Gourm  .                        (no amulet)
MR     .....                    (no ring)
                                (no ring)

@: not resistant to hostile enchantments, extremely unstealthy
A: permanent stasis, dig shafts and tunnels, four strong arms, antennae 3
a: Dig, Shaft Self, Depart the Abyss, Bend Space, Banish, Renounce Religion


You were on level 4 of the Dungeon.
You worshipped Lugonu.
Lugonu was most pleased with you.
You were hungry.

You visited 1 branch of the dungeon, and saw 4 of its levels.
You visited the Abyss 1 time.

You collected 141 gold pieces.

Inventory:

Hand weapons
 a - a +1 spear
 e - a +3 mace (weapon)
Armour
 u - a +0 plate armour (worn)
Magical devices
 s - a wand of magic darts (7)
Comestibles
 c - 2 bread rations
 i - a slice of pizza
 l - 3 meat rations
 q - a beef jerky
Scrolls
 b - a scroll of fear {unknown}
 d - a scroll of remove curse
 f - a scroll of fog {unknown}
 h - a scroll of recharging {unknown}
 j - a scroll of identify
 k - 2 scrolls of magic mapping {unknown}
 p - a scroll of noise {unknown}
 r - 2 scrolls of amnesia {unknown}
Potions
 g - 2 potions of brilliance {unknown}
 m - 4 potions of curing
 n - a potion of flight {unknown}
 o - a potion of poison {unknown}


   Skills:
 + Level 4.2 Fighting
   Level 0.4(2.1) Axes
 + Level 1.4 Maces & Flails
 + Level 2.8(2.9) Polearms
 + Level 4.2 Armour
 + Level 3.2 Dodging
 + Level 0.6 Stealth
 + Level 2.3 Invocations
 + Level 0.5 Evocations


You had 5 spell levels left.
You didn't know any spells.

Dungeon Overview and Level Annotations

Branches:
Dungeon (4/15)
 Temple: D:4-7

Altars:
Elyvilon
Nemelex Xobeh
Vehumet


Innate Abilities, Weirdness & Mutations

Your are under a permanent stasis effect.
You can dig through walls and to a lower floor.
Your four strong arms can wield two-handed weapons with a shield.
You have a pair of large antennae on your head (SInv).


Message History

a club; a leather armour Eat a chunk of orc flesh? (ye/n/q/i?) This raw flesh tastes terrible.
You continue eating. x2
You start resting.
You are feeling hungry.
You start resting.
HP restored.
There is a stone staircase leading down here.
You climb downwards.
You hear the sound of rushing water.
There is an entrance to a sewer on this level.
Hurry and find it before the portal rusts away!
You hear the brisk rusting of a drain, a long way away.
The ogre hits you with a giant club!!
Ouch! That really hurt!
The gnoll barely misses you.
There is a stone staircase leading up here.
The ogre hits you with a giant club!!
Ouch! That really hurt!
You die...

##+##
##...##
##...@.##
##....O..##
#....g....#
+.......>.+
..#
#.........#
#.# .#
##.......##
#.#..#
##.....##
#.#..#
##...##
###.#..
##'## ..O..


You could see an ogre and a gnoll.

Vanquished Creatures
  The ghost of SolBianca the Chopper, an average HuBe of Trog (D:3)
  2 orc priests
  8 adders
  3 gnolls
  A giant mite (D:3)
  A worm (D:1)
  2 giant geckos
  An ooze (D:3)
  3 orcs
  A ball python (D:2)
  A giant cockroach (D:2)
  3 hobgoblins
  10 kobolds
  A quokka (D:4)
  14 bats
  4 giant newts
  9 goblins
  7 jackals
  6 rats
78 creatures vanquished.

Notes
Turn   | Place    | Note
--------------------------------------------------------------
     0 | Abyss:1  | Kex, the Formicid Abyssal Knight, began the quest for the Orb.
     0 | Abyss:1  | Reached XP level 1. HP: 18/18 MP: 1/1
   145 | Abyss:1  | Noticed a large abomination
   146 | D:1      | Escaped the Abyss
   266 | D:1      | Acquired Lugonu's first power
   284 | D:1      | Reached XP level 2. HP: 10/24 MP: 3/3
   697 | D:1      | Reached skill level 1 in Dodging
  1230 | D:1      | Reached XP level 3. HP: 30/30 MP: 5/5
  1493 | D:1      | Reached skill level 4 in Fighting
  1820 | D:2      | Acquired Lugonu's second power
  1820 | D:2      | Reached XP level 4. HP: 32/37 MP: 6/6
  2118 | D:2      | Found a radiant altar of Vehumet.
  2556 | D:2      | Found a white marble altar of Elyvilon.
  2558 | D:2      | Found a sparkling altar of Nemelex Xobeh.
  2663 | D:2      | Reached XP level 5. HP: 28/42 MP: 8/8
  3133 | D:3      | Acquired Lugonu's third power
  3246 | D:3      | Noticed SolBianca's ghost (average HuBe)
  3556 | D:3      | Reached XP level 6. HP: 48/48 MP: 10/10
  3990 | D:3      | Killed SolBianca's ghost
  3990 | D:3      | Reached skill level 1 in Maces & Flails
  4724 | D:4      | Slain by an ogre

Action                   |  1- 3 |  4- 6 || total
-------------------------+-------+-------++-------
Melee: Spear             |   130 |    69 ||   199
       Mace              |    11 |   106 ||   117
       War axe           |       |    36 ||    36
Invok: Depart the Abyss  |     1 |       ||     1
Evoke: Wand              |       |     4 ||     4
  Use: Scroll            |     1 |     4 ||     5
       Potion            |     2 |     2 ||     4
  Eat: Chunk             |     3 |     9 ||    12
